 Dungeon Crawl Stone Soup version 0.31.0-11-ge490571c62 (webtiles) character file.

Game seed: 10549415372207534092

18 qw the Shooter (level 2, -2/14 HPs)
             Began as a Spriggan Hunter on Feb 4, 2024.
             Slain by a cerulean imp
             ... wielding a +2 spear
             ... summoned by Natasha
              (6 damage)
             ... on level 2 of the Dungeon.
             The game lasted 00:00:05 (1380 turns).

qw the Shooter (Spriggan Hunter)                    Turns: 1380, Time: 00:00:06

Health: -2/14      AC:  2    Str:  7    XL:     2   Next: 48%
Magic:  3/3        EV: 19    Int: 10    God:
Gold:   115        SH:  0    Dex: 18    Spells: 1/1 levels left

rFire   . . .        a - +0 shortbow
rCold   . . .        (shield currently unavailable)
rNeg    . . .        c - +0 robe
rPois   .            (helmet restricted)
rElec   .            (no cloak)
rCorr   .            (gloves unavailable)
SInv    +            (boots unavailable)
Will    .....        (no amulet)
Stlth   ++           (no ring)
HPRegen 0.22/turn    (no ring)
MPRegen 0.08/turn

%: no passive effects
@: slowed, quick
A: very small, no large weapons, unfitting armour, see invisible, speed 3
a: no special abilities


You were on level 2 of the Dungeon.
You visited 1 branch of the dungeon, and saw 2 of its levels.

You collected 115 gold pieces.


Innate Abilities, Weirdness & Mutations

You are very small and have problems with some larger weapons.
You are too small for most types of armour.
You have supernaturally acute eyesight. (SInv)
You cover ground extremely quickly. (Speed+++)


   Skills:
 - Level 1.5 Fighting
 + Level 4.1 Ranged Weapons
 - Level 4.0 Dodging
 - Level 1.5 Stealth


You had one spell level left.
You didn't know any spells.
Your spell library was empty.

Inventory:

Hand Weapons
 a - a +0 shortbow (weapon)
Armour
 c - a +0 robe (worn)
Scrolls
 d - 4 scrolls of enchant armour
 f - a scroll of blinking {unknown}
Potions
 b - a potion of heal wounds {unknown}
 e - a potion of curing
 g - a potion of lignification {unknown}
 h - a potion of mutation {unknown}
 i - 2 potions of brilliance {unknown}

Dungeon Overview and Level Annotations

Branches:
Dungeon (2/15)

Altars:

Shops:
D:1 [   D:2 :

Annotations:
D:2 1 runed translucent door, Crazy Yiuf, Natasha


Message History

Found a ring mail.
Enter note: You shoot an arrow.
The arrow hits the ball python but does no damage.
The ball python hisses angrily.
You shoot an arrow. The arrow hits the ball python!
You kill the ball python!
You now have 115 gold pieces (gained 12).
i - 2 sapphire potions (gained 1) Natasha, Servant of Life and Death comes into view.
Natasha hisses angrily.
Enter note:
Enter note:
Enter note: You shoot an arrow.
The arrow barely misses Natasha.
Natasha casts a spell at you. You resist with some effort.
You shoot an arrow. The arrow barely misses Natasha.
You shoot an arrow. The arrow closely misses Natasha.
Natasha casts a spell.
You shoot an arrow. The arrow closely misses Natasha.
Natasha barely misses you.
The cerulean imp hits you from afar with a +2 spear.
You shoot an arrow. The arrow hits Natasha.
Natasha is moderately wounded.
Natasha closely misses you.
The cerulean imp hits you from afar with a +2 spear.
You shoot an arrow. The arrow barely misses Natasha.
Natasha completely misses you.
The cerulean imp hits you from afar with a +2 spear!
Ouch! That really hurt!
You shoot an arrow. The arrow hits Natasha!
Natasha is severely wounded.
Natasha casts a spell at you.
You feel yourself slow down. The cerulean imp barely misses you.
You shoot an arrow. The arrow hits Natasha.
Natasha is almost dead.
Natasha closely misses you.
The cerulean imp hits you from afar with a +2 spear.
You die...

### ### ###
#.###.########.#
#..............#
#.###.##.#####.############
#.#.......@h.#.............
#.#.#.##.###5##############
#.#.#.##...# .. ..#.......
#.#.#.####.#######.#.......
#.#.#.#..........#.#.......
#.#.#.#.##.#####.#.#.......
#.#.#.#.##.....#.#.#.......
#.#.#.#.##..##.#.#.........
#.#.#.#.##..##.#.#.#.......


You could see Natasha and a cerulean imp (summoned).

Vanquished Creatures
  A dart slug (D:2)
  An endoplasm (D:2)
  A goblin (D:2)
  A hobgoblin (D:2)
  3 kobolds
  A quokka (D:2)
  3 ball pythons
  A bat (D:2)
  3 frilled lizards
  2 rats (D:1)
17 creatures vanquished.

Notes
Turn   | Place    | Note
-------+----------+-------------------------------------------
     0 | D:1      | qw the Spriggan Hunter began the quest for the Orb.
     0 | D:1      | Reached XP level 1. HP: 10/10 MP: 2/2
     0 | D:1      | 0 ||| qw: Version: 0.3-a-160-g6735b56
     0 | D:1      | 0 ||| qw: Game counter: 5296
     0 | D:1      | 0 ||| qw: Melee chars always use a shield: true
     0 | D:1      | 0 ||| qw: God list: Okawaru
     0 | D:1      | 0 ||| qw: Allow faded altars: false
     0 | D:1      | 0 ||| qw: Do Orc after clearing Dungeon:15 true
     0 | D:1      | 0 ||| qw: Do second Lair branch before Depths: true
     0 | D:1      | 0 ||| qw: Lair rune preference: random
     0 | D:1      | 0 ||| qw: Goals: Normal
     0 | D:1      | 0 ||| PLANNING D:1-11
   116 | D:1      | Found Zacoc's Antique Armour Boutique.
   126 | D:1      | 126 ||| SHOPLISTING cloak (117 gold, have 17).
   126 | D:1      | 126 ||| SHOPLISTING glowing robe (96 gold, have 17).
   126 | D:1      | 126 ||| SHOPLISTING runed cloak (195 gold, have 17).
   126 | D:1      | 126 ||| SHOPLISTING swamp dragon scales (1300 gold, have
                  | 17).
   217 | D:1      | Reached skill level 3 in Dodging
   346 | D:1      | You fall into a shaft and drop 1 floor!
   363 | D:2      | Reached XP level 2. HP: 14/14 MP: 3/3
   393 | D:2      | 393 ||| READING 5 scrolls labelled BEGYDD PYTUI.
   393 | D:2      | 393 ||| ENCHANTING +0 shortbow.
   394 | D:2      | 394 ||| READING scroll labelled ZIUCOJOPHE.
   394 | D:2      | 394 ||| IDENTIFYING fizzy clear potion
   395 | D:2      | 395 ||| DROPPING scroll of butterflies.
   895 | D:2      | Found Maeq's Book Shoppe.
   902 | D:2      | 902 ||| READING scroll labelled ENOJ XEUQEDUIL.
  1193 | D:2      | Found a runed translucent door.
  1194 | D:2      | Noticed Crazy Yiuf
  1372 | D:2      | Noticed Natasha
  1378 | D:2      | HP: 3/14 [cerulean imp/+2 spear[Natasha] (7)]
  1380 | D:2      | Slain by a cerulean imp

Levels and vault maps discovered:
D:1:      spicycebolla_arrival_xxxplode, layout_basic, serial_shops, shop,
          corexii_item_surrounded_by_moat
D:2:      layout_basic, serial_shops, nicolae_shop_tiny_waterfront,
          minmay_misc_feat_roman, uniq_crazy_yiuf_cottage, uniq_natasha

Skill      XL: |  1  2 |
---------------+-------+-----
Dodging        | 3 4 |  4.0
Fighting       | |  1.5
Ranged Weapons | |  4.1
Stealth        | |  1.5

Action                     || total
---------------------------++-------
   Fire: Shortbow          ||    49
    Use: Scroll            ||     3
 Armour: Robe              ||     8
  Dodge: Dodged            ||    14

Table legend:
 A = Non-vault XP
 B = Vault XP
 C = Vault XP percentage of total XP
 D = Non-vault monster count
 E = Vault monster count
 F = Vault count percentage of total count
                 A         B        C        D         E       F
            +---------+---------+-------+---------+---------+-------
      Total |      26 |       0 |   0.0 |      17 |       0 |   0.0
            +---------+---------+-------+---------+---------+-------
        D:1 |       6 |       0 |   0.0 |       6 |       0 |   0.0
        D:2 |      20 |       0 |   0.0 |      11 |       0 |   0.0
            +---------+---------+-------+---------+---------+-------
